Map: Orbital Shipyard

Players

MCanning - Winner!

  • Race: Protoss Protoss
  • League: Grandmaster

JmaC

  • Race: Zerg Zerg
  • League: Master

VOD

http://www.twitch.tv/mcanning/v/30690643

Description

Time

  • Played on: Dec. 19, 2015, 2:05 a.m.
  • Length: 14:27
Show
View Real Time Build Order
Export as new Build Order

MCanning Protoss - Winner!

Build Orders: Nexus First 

Get SALT Encoding   

  12  0:01  Probe (Chrono Boost)  
  13  0:11  Probe (Chrono Boost)  
  14  0:22  Pylon  
  14  0:23  Probe (Chrono Boost)  
  15  0:40  Probe (Chrono Boost)  
  16  0:51  Probe (Chrono Boost)  
  17  0:58  Nexus  
  17  1:09  Gateway  
  17  1:13  Probe (Chrono Boost)  
  18  1:22  Assimilator  
  18  1:23  Probe (Chrono Boost)  
  19  1:26  Assimilator  
  19  1:34  Probe (Chrono Boost)  
  20  1:40  Pylon  
  20  1:44  Probe (Chrono Boost)  
  21  1:55  Probe (Chrono Boost)  
  22  2:03  Cybernetics Core, Zealot  
  22  2:05  Probe (Chrono Boost)  
  25  2:11  Probe (Chrono Boost)  
  26  2:16  Probe (Chrono Boost)  
  26  2:22  Probe (Chrono Boost)  
  28  2:28  Probe (Chrono Boost)  
  29  2:32  Probe (Chrono Boost)  
  30  2:38  Probe (Chrono Boost)  
  30  2:40  Stalker (Chrono Boost)  
  30  2:42  Warp Gate  
  30  2:43  Probe  
  33  2:51  Mothership Core (Chrono Boost)  
  36  2:54  Probe (Chrono Boost)  
  37  3:06  Probe (Chrono Boost)  
  37  3:08  Sentry  
  37  3:11  Probe (Chrono Boost)  
  41  3:16  Probe (Chrono Boost)  
  41  3:18  Nexus  
  42  3:22  Probe (Chrono Boost)  
  42  3:24  Pylon  
  42  3:25  Pylon  
  43  3:33  Probe (Chrono Boost)  
  46  3:34  Sentry  
  46  3:42  Probe (Chrono Boost), Pylon  
  46  3:44  Probe (Chrono Boost)  
  46  3:46  Assimilator  
  48  3:52  Assimilator  
  48  3:53  Probe (Chrono Boost)  
  48  3:54  Probe (Chrono Boost)  
  50  4:03  Probe (Chrono Boost)  
  50  4:05  Probe (Chrono Boost)  
  50  4:07  Robotics Facility  
  52  4:14  Probe (Chrono Boost)  
  52  4:15  Probe (Chrono Boost)  
  54  4:24  Probe (Chrono Boost), Pylon  
  54  4:26  Probe (Chrono Boost)  
  54  4:28  Twilight Council  
  54  4:30  Probe (Chrono Boost)  
  54  4:31  Gateway  
  57  4:32  Gateway  
  57  4:35  Probe (Chrono Boost)  
  57  4:36  Probe (Chrono Boost)  
  59  4:40  Probe (Chrono Boost)  
  59  4:44  Forge  
  60  4:46  Sentry, Probe (Chrono Boost)  
  60  4:47  Probe (Chrono Boost)  
  60  4:50  Probe (Chrono Boost)  
  65  4:55  Probe (Chrono Boost)  
  65  4:57  Probe, Observer (Chrono Boost)  
  68  5:00  Probe  
  69  5:08  Blink (Chrono Boost)  
  69  5:14  Gateway  
  69  5:15  Gateway  
  69  5:17  Probe, Gateway  
  69  5:19  Pylon, Warp Prism (Chrono Boost)  
  69  5:20  Protoss Ground Weapons Level 1  
  72  5:25  Probe  
  73  5:32  Adept x3  
  79  5:36  Probe (Chrono Boost), Assimilator  
  79  5:40  Probe (Chrono Boost)  
  79  5:41  Probe (Chrono Boost), Assimilator  
  82  5:46  Pylon  
  82  5:47  Probe (Chrono Boost)  
  83  5:53  Probe x2 (Chrono Boost)  
  83  5:55  Gateway  
  85  5:57  Gateway  
  85  5:58  Probe (Chrono Boost)  
  85  5:59  Gateway  
  85  6:03  Probe (Chrono Boost)  
  87  6:06  Immortal  
  87  6:07  Pylon  
  87  6:10  Robotics Bay  
  91  6:17  Probe  
  92  6:21  Adept x4  
  92  6:25  Probe  
  99  6:30  Stalker x2  
  104  6:35  Probe, Pylon  
  104  6:38  Probe  
  104  6:39  Pylon  
  106  6:43  Observer  
  107  6:52  Stargate  
  107  6:54  Probe, Stargate  
  107  6:55  Probe  
  107  6:57  Stargate  
  110  7:01  Probe  
  110  7:02  Pylon, Photon Cannon  
  110  7:04  Photon Cannon  
  110  7:06  Photon Cannon  
  110  7:07  Photon Cannon  
  111  7:08  Probe  
  111  7:09  Stalker, Photon Cannon  
  111  7:10  Stalker  
  111  7:13  Observer  
  116  7:17  Protoss Ground Weapons Level 2 (Chrono Boost)  
  116  7:23  Stalker x3  
  122  7:36  Phoenix (Chrono Boost)  
  124  7:37  Phoenix (Chrono Boost)  
  122  7:44  Phoenix (Chrono Boost)  
  122  7:47  Fleet Beacon  
  122  7:49  Stalker x2, Pylon  
  122  7:50  Stalker  
  120  8:00  Phoenix x2 (Chrono Boost)  
  124  8:06  Phoenix (Chrono Boost)  
  124  8:08  Photon Cannon  
  124  8:10  Stalker x2  
  124  8:11  Pylon  
  130  8:14  Pylon  
  130  8:21  Phoenix x2 (Chrono Boost)  
  130  8:26  Probe  
  136  8:27  Observer  
  136  8:28  Phoenix (Chrono Boost)  
  138  8:38  Anion Pulse-Crystals (Chrono Boost)  
  138  8:42  Phoenix  
  140  8:53  Phoenix  
  142  9:02  Phoenix  
  142  9:04  Phoenix  
  142  9:07  Probe  
  145  9:11  Nexus  
  145  9:12  Probe  
  145  9:13  Pylon  
  145  9:14  Pylon  
  146  9:18  Phoenix  
  148  9:25  Phoenix  
  150  9:32  Probe  
  150  9:37  Probe  
  152  9:42  Photon Cannon  
  152  9:43  Disruptor (Chrono Boost), Dark Shrine  
  152  9:44  Photon Cannon  
  152  9:45  Probe  
  156  9:46  Photon Cannon  
  156  9:48  Photon Cannon  
  156  9:50  Photon Cannon  
  156  9:53  Assimilator  
  156  9:56  Stalker x4  
  156  9:57  Stalker x2  
  156  9:58  Assimilator  
  168  10:03  Probe  
  168  10:06  Probe  
  170  10:08  Probe  
  171  10:15  Probe, Pylon  
  171  10:17  Pylon  
  171  10:19  Pylon  
  171  10:21  Pylon  
  172  10:23  Disruptor (Chrono Boost)  
  172  10:24  Protoss Ground Weapons Level 3 (Chrono Boost)  
  175  10:29  Zealot x3  
  175  10:30  Zealot x2  
  175  10:31  Robotics Facility  
  175  10:32  Pylon  
  188  10:57  Disruptor (Chrono Boost)  
  184  11:13  Dark Templar x2  
  184  11:14  Dark Templar  
  190  11:22  Disruptor (Chrono Boost)  
  187  11:27  Disruptor (Chrono Boost)  
  187  11:29  Probe  
  187  11:30  Charge (Chrono Boost)  
  191  11:36  Probe  
  186  11:56  Oracle  
  186  11:57  Disruptor  
  186  12:00  Observer  
  193  12:16  Disruptor  
  193  12:22  Pylon  
  194  12:23  Pylon  
  194  12:25  Probe  
  189  12:30  Probe  
  189  12:32  Disruptor  
  189  12:33  Probe  
  189  12:36  Stalker x2  
  181  12:37  Stalker x5  
  185  12:45  Probe  
  185  12:48  Disruptor  
  174  12:53  Probe x2  
  173  13:01  Stalker x6  
  173  13:02  Stalker x3  
  189  13:08  Disruptor  
  188  13:18  Assimilator  
  188  13:19  Disruptor  
  191  13:27  Stalker x2  
  191  13:28  Stalker x2  
  191  13:29  Nexus  
  191  13:31  Probe, Pylon  
  191  13:33  Pylon  
  198  13:44  Observer  
  199  13:50  Probe  
  199  13:52  Observer  
  199  13:53  Probe  
  199  14:02  Photon Cannon  
  199  14:04  Photon Cannon  
  199  14:06  Photon Cannon  
  199  14:07  Probe  
  199  14:08  Photon Cannon  
  200  14:10  Photon Cannon  
  200  14:12  Assimilator  
  200  14:18  Assimilator  
  197  14:26  Nexus  
Show
View Real Time Build Order
Export as new Build Order

JmaC Zerg 

Build Orders: 3 Hatch before Pool, Lurkers 

Get SALT Encoding   

  12  0:01  Drone  
  13  0:08  Drone  
  14  0:16  Extractor  
  14  0:18  Extractor  
  14  0:20  Drone  
  13  0:22  Drone  
  16  0:32  Overlord  
  16  0:51  Drone x2  
  18  0:59  Hatchery  
  18  1:00  Drone  
  18  1:21  Hatchery  
  18  1:23  Drone  
  18  1:25  Drone  
  19  1:45  Overlord, Spawning Pool  
  18  1:49  Drone  
  18  1:51  Drone  
  20  2:04  Drone  
  21  2:10  Drone  
  22  2:18  Drone  
  23  2:28  Drone x2  
  25  2:32  Queen x2  
  25  2:33  Queen  
  31  2:40  Drone x2  
  31  2:41  Drone  
  31  2:43  Drone x2  
  36  2:47  Drone  
  37  2:53  Overlord  
  37  2:58  Zergling x4  
  37  3:04  Zergling x2  
  40  3:06  Zergling x4  
  40  3:11  Queen  
  44  3:14  Overlord  
  44  3:15  Extractor x2  
  42  3:21  Drone x2  
  44  3:27  Spore Crawler  
  44  3:29  Spore Crawler  
  44  3:31  Spore Crawler, Overlord  
  44  3:33  Drone x2  
  43  3:39  Drone x2  
  43  3:40  Drone  
  46  3:44  Drone x4  
  50  3:54  Drone x6  
  52  4:04  Overlord  
  52  4:05  Drone x3  
  54  4:13  Evolution Chamber  
  54  4:14  Roach Warren  
  54  4:15  Zergling x2  
  53  4:24  Lair  
  53  4:25  Drone x2  
  53  4:26  Drone x4  
  53  4:29  Extractor  
  53  4:30  Extractor  
  57  4:35  Overlord  
  57  4:36  Metabolic Boost  
  57  4:38  Zergling x6  
  60  4:44  Overlord  
  60  4:50  Zerg Missile Weapons Level 1  
  60  4:55  Overlord, Zergling x2  
  60  4:56  Zergling x12  
  67  5:02  Drone x3  
  67  5:06  Drone  
  71  5:08  Drone  
  71  5:10  Drone x3  
  75  5:20  Drone x3  
  75  5:21  Extractor  
  77  5:22  Extractor  
  77  5:23  Drone x2  
  77  5:24  Drone x3  
  77  5:25  Drone  
  82  5:29  Glial Reconstitution  
  82  5:33  Drone x3  
  85  5:38  Drone  
  85  5:39  Spire  
  85  5:53  Overseer  
  85  5:55  Overlord x3  
  85  6:50  Mutalisk x2  
  85  6:51  Mutalisk x8  
  85  6:53  Zergling x4  
  85  6:54  Zergling x14  
  114  6:57  Spine Crawler  
  114  6:58  Spine Crawler  
  114  6:59  Spine Crawler  
  114  7:00  Spine Crawler  
  110  7:08  Mutalisk  
  110  7:09  Mutalisk, Zerg Flyer Weapons Level 1  
  114  7:16  Hatchery, Zergling x2  
  114  7:17  Overlord x4  
  114  7:27  Overlord x3  
  114  7:33  Overlord  
  114  7:35  Drone  
  114  7:36  Drone  
  116  7:45  Mutalisk x5  
  126  7:51  Drone x4  
  126  7:52  Drone x4  
  134  8:09  Hydralisk Den, Roach x6  
  145  8:17  Mutalisk x3  
  149  8:23  Drone x4  
  149  8:25  Extractor  
  149  8:26  Extractor  
  151  8:28  Mutalisk x2  
  154  8:42  Lurker Den  
  154  8:52  Hydralisk x4  
  154  8:53  Hydralisk  
  152  9:05  Hydralisk x4  
  152  9:06  Hydralisk  
  142  9:19  Spore Crawler  
  142  9:20  Spore Crawler, Hydralisk  
  142  9:21  Hydralisk x5  
  147  9:28  Ravager x2  
  141  9:35  Infestation Pit  
  140  9:39  Hydralisk x3  
  140  9:43  Drone x7  
  140  9:44  Drone x5  
  158  9:50  Zerg Missile Weapons Level 2  
  158  10:05  Hatchery, Infestation Pit  
  156  10:07  Overlord x3  
  156  10:15  Overlord, Muscular Augments  
  156  10:18  Hatchery  
  155  10:30  Lurker x3  
  155  10:31  Lurker x4  
  155  10:33  Overlord x2  
  162  10:43  Roach x6  
  162  10:44  Overlord  
  162  10:45  Overlord x2  
  162  10:48  Hive  
  174  10:56  Hydralisk x4  
  174  10:57  Hydralisk  
  180  11:16  Hydralisk x8  
  196  11:18  Overseer  
  196  11:20  Overseer  
  196  11:24  Spore Crawler  
  196  11:25  Spore Crawler x2  
  192  11:30  Ravager x2  
  192  11:31  Ravager  
  185  11:46  Overlord x5  
  171  11:57  Lurker  
  171  11:58  Lurker x4  
  171  11:59  Zergling x2  
  171  12:00  Zergling x4  
  174  12:07  Zergling x24  
  181  12:08  Overseer  
  141  12:17  Roach x2  
  145  12:27  Roach x4  
  117  12:38  Roach x4  
  121  12:47  Roach x4  
  109  13:03  Hydralisk x2, Roach x4  
  115  13:09  Hydralisk, Roach x2  
  115  13:10  Roach x2  
  123  13:14  Hydralisk  
  125  13:21  Hydralisk x2  
  127  13:31  Ravager x5  
  127  13:32  Hatchery, Ravager x5  
  116  13:51  Hydralisk x2  
  116  13:52  Hydralisk x6  
  117  13:58  Overlord  
  117  13:59  Overlord  
  116  14:10  Spawning Pool  
Tags
 
Add a new tag
Caveats
  • Supply blocks, unpowered buildings, or Contaminate may cause inaccurate times.
  • Supply counts are checked every 10 seconds.